 Dungeon Crawl Stone Soup version 0.29.0-11-gd7f09526c8 (webtiles) character file.

Game seed: 18382058545074483255

21641 Flugkiller the Severer (level 12, -12/112 HPs)
             Began as a Minotaur Fighter on Sept 6, 2022.
             Was a High Priest of Cheibriados.
             Blown up by an orb spider (46 damage)
             ... with an orb of destruction
             ... on level 2 of the Lair of Beasts.
             The game lasted 00:06:25 (12901 turns).

Flugkiller the Severer (Minotaur Fighter)          Turns: 12901, Time: 00:06:26

Health: -12/112    AC: 31    Str: 38    XL:     12   Next: 56%
Magic:  16/16      EV: 16    Int: 17    God:    Cheibriados [*****.]
Gold:   560        SH:  7    Dex: 28    Spells: 11/11 levels left

rFire   . . .      SeeInvis +   H - +3 broad axe
rCold   . . .      Faith    +   c - +0 buckler
rNeg    . . .      Spirit   .   C - +18 Lear's hauberk
rPois   .          Reflect  .   (helmet currently unavailable)
rElec   .          Harm     .   v - +0 cloak
rCorr   .          Rampage  .   (gloves currently unavailable)
Will    .....                   (boots currently unavailable)
Stlth   ..........              u - amulet of faith
HPRegen 0.28/turn               i - ring of see invisible
MPRegen 0.15/turn               a - +6 ring of strength

@: very slow
A: horns 2, retaliatory headbutt
a: Renounce Religion, Bend Time, Temporal Distortion, Slouch, Step From Time


You were on level 2 of the Lair of Beasts.
You worshipped Cheibriados.
Cheibriados was extremely pleased with you.
You visited 3 branches of the dungeon, and saw 14 of its levels.
You also visited: Sewer.

You collected 610 gold pieces.
You spent 50 gold pieces at shops.

Inventory:

Hand Weapons
 H - a +3 broad axe (weapon)
   (You took it off a death knight on level 10 of the Dungeon)
Missiles
 b - a throwing net (quivered)
Armour
 c - a +0 buckler (worn)
 v - a +0 cloak (worn)
   (You found it on level 5 of the Dungeon)
 C - the +18 Lear's hauberk (worn)
   (You found it on level 4 of the Dungeon)
Jewellery
 a - a +6 ring of strength (right hand)
   (You took it off a centaur warrior on level 10 of the Dungeon)
 i - a ring of see invisible (left hand)
   (You found it on level 3 of the Dungeon)
 k - a ring of resist corrosion
   (You found it on level 4 of the Dungeon)
 u - an amulet of faith (around neck)
   (You took it off an orc warrior on level 10 of the Dungeon)
Wands
 f - a wand of mindburst (3)
   (You found it on level 2 of the Dungeon)
Scrolls
 e - a scroll of summoning
 j - a scroll of silence
 l - 2 scrolls of magic mapping
 m - 2 scrolls of fear
 o - 4 scrolls of vulnerability
 r - 2 scrolls of identify
 t - 7 scrolls of teleportation
 x - 3 scrolls of immolation
 y - 3 scrolls of enchant armour
 z - a scroll of blinking
 A - 2 scrolls of brand weapon {unknown}
Potions
 d - 2 potions of might
 g - 2 potions of lignification
 h - 5 potions of haste
 n - 2 potions of resistance
 p - 4 potions of invisibility {unknown}
 q - 8 potions of curing
 s - a potion of berserk rage {unknown}
 w - a potion of heal wounds
 B - a potion of brilliance {unknown}
 D - a potion of mutation {unknown}
 E - 4 potions of flight {unknown}
 F - a potion of ambrosia {unknown}


   Skills:
 + Level 11.8 Fighting
 * Level 15.7 Axes
 + Level 11.8 Armour
 + Level 7.8 Dodging
 - Level 3.6 Shields
 + Level 6.9 Invocations


You had 11 spell levels left.
You didn't know any spells.
Your spell library was empty.

Dungeon Overview and Level Annotations

Branches:
Dungeon (11/15)            Temple (1/1) D:7            Lair (2/5) D:10
 Spider (0/4) Lair:2          Orc (0/2) D:10          Sewer (visited)
  Swamp: Lair:2-3    Shoals: Lair:2-3

Altars:
Ashenzari
Cheibriados
Dithmenos
Elyvilon
Fedhas
Gozag
Hepliaklqana
Kikubaaqudgha
Makhleb
Nemelex Xobeh
Okawaru
Qazlal
Ru
Sif Muna
Trog
Uskayaw
Vehumet
Wu Jian
Xom
Yredelemnul
Zin
The Shining One

Shops:
D:6 !   D:7 :

Portals:
Abyss: Lair:2

Annotations:
Lair:2 2 transporters, magipi's ghost, adept TrMo


Innate Abilities, Weirdness & Mutations

You have a pair of horns on your head.
You reflexively headbutt those who attack you in melee.


Message History

The cane toad is almost dead.
The cane toad barely misses you. You furiously retaliate!
You headbutt the cane toad!
You kill the cane toad!
Cheibriados thoroughly appreciates the change of pace.
No target in view!
No target in view!
No target in view!
No target in view!
No target in view!
No target in view!
No target in view!
No target in view!
A - 2 scrolls labelled ADITIA SAENG
q - 8 potions of curing (gained 1)
You now have 548 gold pieces (gained 15).
You see here a water moccasin corpse.
Found a stone staircase leading down.
Found a transporter.
Found a one-way gate to the infinite horrors of the Abyss.
Magipi's ghost turns its malevolent gaze towards you.
You hear a horrible gurgling sound! x2
You now have 560 gold pieces (gained 12).
A komodo dragon comes into view.
The komodo dragon hisses angrily.
A komodo dragon is nearby!
The komodo dragon barely misses you. You furiously retaliate!
You headbutt the komodo dragon. The komodo dragon bites you!
You slice the komodo dragon!!
The komodo dragon is severely wounded.
The komodo dragon bites you!
You slice the komodo dragon!!
You kill the komodo dragon!
Cheibriados thoroughly appreciates the change of pace.
No target in view!
No target in view!
No target in view!
No target in view!
No target in view!
No target in view!
The cyan ugly thing gurgles horribly!
You hear a horrible gurgling sound!
You pick your way through the web.
There is a web here.
An orb spider comes into view.
Found a hole to the Spider Nest.
The orb spider's many legs skitter faintly.
The orb spider begins to weave its threads into a brightly glowing ball.
An orb spider is nearby!
An orb spider is nearby!
An orb spider is nearby!
An orb spider is nearby!
No reachable target in view!
No reachable target in view!
No reachable target in view!
No reachable target in view!
No reachable target in view!
You are caught in the web!
The orb spider weaves a glowing orb of energy.
An orb of destruction comes into view.
There is a web here.
You disentangle yourself.
Unknown command.
The orb of destruction hits you!!!
The orb spider spins a strand of pure energy.
You start resting.
HP restored.
You pick your way through the web.
The orb spider's many legs skitter faintly.
The orb spider weaves a glowing orb of energy.
An orb of destruction comes into view.
There is a web here.
The orb spider begins to weave its threads into a brightly glowing ball.
The orb of destruction hits you!!!
The orb spider weaves a glowing orb of energy.
An orb of destruction comes into view.
The orb of destruction hits you!!!
* * * LOW HITPOINT WARNING * * *
The orb spider begins to weave its threads into a brightly glowing ball.
You are caught in the web!
There is a web, spattered with blood here.
You disentangle yourself.
Aiming: Mindburst
Press: ? - help, Shift-Dir - straight line, f - orb spider
Aim: an orb spider (fully charged, chance to affect: 47%)
The orb spider's mind is blasted!
Aiming: Mindburst
Press: ? - help, Shift-Dir - straight line, f/p - orb spider
Aim: an orb spider (moderately wounded, fully charged, chance to affect: 47%)
The orb spider's mind is blasted!
The orb spider weaves a glowing orb of energy.
An orb of destruction comes into view.
Aiming: Mindburst
Press: ? - help, Shift-Dir - straight line, f/p - orb spider
Aim: an orb spider (severely wounded, chance to affect: 47%)
The orb spider resists with some effort.
Aiming: Mindburst
Press: ? - help, Shift-Dir - straight line, f/p - orb spider
Aim: an orb spider (severely wounded, chance to affect: 47%)
The orb spider's mind is blasted!
The orb of destruction hits you!!!
You die...

#....###^.
#..^^.#.^.
#+≈≈##...^
##..≈≈...##
#.>.≈≈..^.# ###
#.s≈.##..### #.#
#+○≈.##.^#.######.
#○....^....##P.#..
#@#.####^^####..##
######...##....###
..####..##.....#
.............###
.............##
..............#
.............##
.............#
.............#


You could see an orb spider.

Vanquished Creatures
  A boulder beetle (D:10)
  A centaur warrior (D:10)
  A death knight (D:10)
  5 two-headed ogres
  An orc knight (D:10)
  An ugly thing (D:10)
  A salamander (shapeshifter) (D:10)
  A manticore (D:10)
  5 elephants (Lair:2)
  Maggie (D:7)
  2 gargoyles (D:10)
  2 komodo dragons
  3 kobold demonologists
  5 cane toads
  2 trolls
  2 polar bears
  A slime creature (D:10)
  3 blink frogs (Lair:2)
  A wraith (D:10)
  11 yaks
  5 wyverns
  2 basilisks
  2 vampire mosquitoes (D:10)
  2 steam dragons
  2 acid dragons (D:10)
  4 water moccasins
  3 ice beasts
  A sky beast (D:7)
  9 orc warriors
  A black bear (D:7)
  6 wolves (Lair:2)
  4 centaurs
  8 kobold brigands
  6 scorpions
  4 bullfrogs
  3 necrophages
  4 killer bees (D:9)
  6 howler monkeys
  4 hounds
  A jelly (D:5)
  7 orc priests
  2 gnoll boudas
  3 iguanas
  8 orc wizards
  9 gnolls
  10 adders
  An ufetubus (D:7)
  2 worms
  26 orcs
  11 ball pythons
  9 endoplasms
  2 giant cockroaches
  5 goblins
  10 hobgoblins
  9 jackals (D:2)
  20 kobolds
  2 quokkas
  5 bats
  2 frilled lizards
  3 rats
273 creatures vanquished.

Vanquished Creatures (others)
  5 fungi
  3 plants (Lair:2)
8 creatures vanquished.

Grand Total: 281 creatures vanquished

Notes
Turn   | Place    | Note
-------+----------+-------------------------------------------
     0 | D:1      | Flugkiller the Minotaur Fighter began the quest for the
                  | Orb.
     0 | D:1      | Reached XP level 1. HP: 19/19 MP: 0/0
   132 | D:1      | Reached XP level 2. HP: 27/27 MP: 1/1
   174 | D:1      | Reached skill level 3 in Axes
   692 | D:2      | Reached XP level 3. HP: 31/33 MP: 2/2
   769 | D:2      | Found a faded altar of an unknown god.
  1060 | D:2      | Found a basalt altar of Yredelemnul.
  1317 | D:2      | You fall into a shaft and drop 1 floor!
  1497 | D:3      | Found a glowing drain.
  1501 | D:3      | Noticed a scorpion
  1507 | Sewer    | Entered a sewer
  1532 | Sewer    | Reached skill level 4 in Axes
  1586 | Sewer    | Reached XP level 4. HP: 37/41 MP: 3/3
  1839 | D:3      | Killed a scorpion
  1840 | D:3      | Reached XP level 5. HP: 47/47 MP: 4/4
  2099 | D:3      | Reached skill level 5 in Axes
  2417 | D:4      | Reached skill level 5 in Armour
  2569 | D:4      | Noticed an ice beast
  2576 | D:4      | Killed an ice beast
  2577 | D:4      | Reached skill level 5 in Fighting
  2577 | D:4      | Reached XP level 6. HP: 46/56 MP: 5/5
  3180 | D:4      | Found the +18 Lear's hauberk
  3415 | D:5      | Entered Level 5 of the Dungeon
  3415 | D:5      | Noticed an ice beast
  3425 | D:4      | Reached skill level 6 in Axes
  3526 | D:5      | Reached XP level 7. HP: 57/62 MP: 4/6
  3589 | D:5      | Reached skill level 7 in Axes
  4390 | D:6      | Reached skill level 8 in Axes
  4401 | D:6      | Reached XP level 8. HP: 59/71 MP: 7/7
  4705 | D:6      | Found Secif's Distillery.
  4716 | D:6      | Bought a potion of heal wounds for 50 gold pieces
  4799 | D:6      | Reached skill level 9 in Axes
  5032 | D:6      | Found a burning altar of Makhleb.
  5118 | D:6      | Found a white marble altar of Elyvilon.
  5323 | D:7      | Found Hulibb's Self-Improvement Boutique.
  5397 | D:7      | Noticed Maggie
  5409 | D:7      | Reached skill level 10 in Axes
  5419 | D:7      | Killed Maggie
  5420 | D:7      | Reached XP level 9. HP: 43/81 MP: 4/8
  5728 | D:7      | Found a staircase to the Ecumenical Temple.
  5867 | Temple   | Entered the Ecumenical Temple
  6006 | Temple   | Became a worshipper of Cheibriados the Contemplative
  6024 | D:7      | Reached skill level 1 in Dodging
  6112 | D:7      | Found a radiant altar of Vehumet.
  6113 | D:7      | Found a hazy altar of Hepliaklqana.
  6115 | D:7      | Found a broken altar of Ashenzari.
  6115 | D:7      | Found a hide-covered altar of Uskayaw.
  6492 | D:7      | Found the +7 Throatcutter {drain, coup de grace}
  6636 | D:8      | Reached skill level 11 in Axes
  6636 | D:8      | Reached skill level 1 in Invocations
  6863 | D:8      | Reached * piety under Cheibriados
  7475 | D:9      | Found an iron altar of Okawaru.
  7502 | D:9      | Noticed a troll
  7503 | D:9      | Noticed a kobold demonologist
  7507 | D:9      | Reached XP level 10. HP: 91/91 MP: 10/10
  7530 | D:9      | Reached skill level 12 in Axes
  7554 | D:9      | Noticed a soul eater
  7558 | D:9      | Reached ** piety under Cheibriados
  8056 | D:10     | Entered Level 10 of the Dungeon
  8075 | D:10     | Noticed a gargoyle
  8093 | D:10     | Killed a gargoyle
  8317 | D:10     | Noticed a gargoyle
  8333 | D:10     | Killed a gargoyle
  8399 | D:10     | Noticed a centaur warrior
  8407 | D:10     | Reached skill level 13 in Axes
  8419 | D:10     | Killed a centaur warrior
  8420 | D:10     | Reached skill level 10 in Fighting
  8420 | D:10     | Reached skill level 10 in Armour
  8420 | D:10     | Reached skill level 5 in Dodging
  8420 | D:10     | Noticed an orc knight
  8429 | D:10     | Noticed a manticore
  8431 | D:10     | Noticed a two-headed ogre
  8437 | D:10     | Killed an orc knight
  8438 | D:10     | Reached XP level 11. HP: 25/99 MP: 4/13
  8438 | D:10     | Found a shadowy altar of Dithmenos.
  9100 | D:10     | Noticed a death knight
  9113 | D:10     | Killed a death knight
  9113 | D:10     | Reached *** piety under Cheibriados
  9373 | D:10     | Noticed a white ugly thing
  9382 | D:10     | Killed a white ugly thing
  9383 | D:10     | Reached skill level 5 in Invocations
  9527 | D:10     | Noticed a boulder beetle
  9547 | D:10     | Killed a boulder beetle
  9732 | D:10     | Identified the +0 pair of gloves of the Tundras {rN+}
  9743 | D:10     | Noticed a two-headed ogre
  9754 | D:10     | Killed a two-headed ogre
  9755 | D:10     | Reached skill level 14 in Axes
  9842 | D:10     | Found a staircase to the Lair.
  9860 | D:10     | Noticed a two-headed ogre
  9866 | D:10     | Killed a two-headed ogre
 10078 | D:10     | Found a staircase to the Orcish Mines.
 10423 | D:11     | Noticed a two-headed ogre
 10430 | D:11     | Killed a two-headed ogre
 10476 | D:11     | Reached **** piety under Cheibriados
 10605 | D:11     | Noticed a two-headed ogre
 10611 | D:11     | Killed a two-headed ogre
 10707 | D:11     | Noticed a two-headed ogre
 10714 | D:11     | Killed a two-headed ogre
 10717 | D:11     | Reached XP level 12. HP: 73/110 MP: 15/15
 11065 | Lair:1   | Entered Level 1 of the Lair of Beasts
 11262 | Lair:1   | Reached skill level 15 in Axes
 12072 | Lair:2   | Reached ***** piety under Cheibriados
 12136 | Lair:2   | Found a transporter.
 12527 | Lair:2   | Found a transporter.
 12528 | Lair:2   | Found a one-way gate to the infinite horrors of the Abyss.
 12528 | Lair:2   | Noticed magipi's ghost (adept TrMo)
 12742 | Lair:2   | Found a hole to the Spider Nest.
 12901 | Lair:2   | Blown up by an orb spider

Illustrated notes

Levels and vault maps discovered:
D:1:      shiori_arrival_maze, layout_loops_ring, grunt_decor_fettered
D:2:      layout_basic, chequers_ecumenical_altar_simple, basic_altar
D:3:      layout_rooms, cheibrodos_sewer_entry_drain, serial_aquarium,
          aquarium_bridge_square [aquarium_subvault_wall,
          aquarium_subvault_bridge, aquarium_subvault_bridge,
          aquarium_subvault_window], aquarium_bridge_long_separate
          [aquarium_subvault_wall, aquarium_subvault_bridge,
          aquarium_subvault_wall, aquarium_subvault_bridge,
          aquarium_subvault_bridge, aquarium_subvault_balcony],
          aquarium_window_corner, aquarium_window_fake, aquarium_window_1,
          aquarium_window_fake, aquarium_view_2a, aquarium_balcony_5a
D:4:      layout_loops_ring
D:5:      layout_rooms
D:6:      layout_rooms, elyvilon_altar_3, makhleb_heckhound_becter,
          serial_shops, nicolae_shop_temple_entry_statues_fountains
D:7:      layout_basic, mainiacjoe_overflow_alcove_3, minmay_temple_entry_grid,
          nicolae_shop_self_help, uniq_maggie
D:8:      layout_rooms
D:9:      layout_big_octagon, okawaru_metal_pillars_1_2,
          nicolae_concentric_dashed_squares_wild
D:10:     minmay_the_grid_net [minmay_the_grid_rooms, minmay_the_grid_armoury,
          minmay_the_grid_zigzag_pyramid, minmay_the_grid_doors,
          minmay_the_grid_plusring, minmay_the_grid_prize_trominoes],
          layout_basic, nicolae_dithmenos_shadow_blocks, orc_0_dummy
D:11:     layout_rooms, lemuel_another_geyser
Temple:   nicolae_temple_superstar
Lair:1:   layout_gridlike, lemuel_fruit_tree, grunt_megastairs_2,
          serial_bayou_shore_b
Lair:2:   layout_cave_pods, nicolae_spider_entry_orb_guardian,
          gammafunk_ghost_abyssal_escape, infiniplex_staircase_pool

Skill      XL: |  1  2  3  4  5  6  7  8  9 10 11 12 |
---------------+-------------------------------------+-----
Axes           | 3 4 5 6 8 10 11 13 14 15 | 15.7
Armour         | 4 5 6 8 9 10 11 | 11.8
Fighting       | 4 5 6 8 9 10 11 | 11.8
Dodging        | 3 5 6 7 |  7.8
Invocations    | 2 4 6 |  6.9
Shields        | |  3.6

Action                   |  1- 3 |  4- 6 |  7- 9 | 10-12 || total
-------------------------+-------+-------+-------+-------++-------
Melee: War axe           |    84 |   101 |   297 |   186 ||   668
       Headbutt          |     6 |     9 |    80 |    89 ||   184
       Broad axe         |       |       |       |   171 ||   171
Evoke: Wand              |       |       |       |     5 ||     5
  Use: Scroll            |       |    13 |     5 |     5 ||    23
       Potion            |       |       |       |     1 ||     1
Armor: Scale mail        |    41 |    39 |       |       ||    80
       Chain mail        |       |    15 |   242 |   230 ||   487
Dodge: Dodged            |    64 |    35 |   112 |   209 ||   420
Block: Buckler           |    25 |    18 |    78 |   129 ||   250
